 Dungeon Crawl Stone Soup version 0.27-a0-901-g8736458 (webtiles) character file.

Game seed: 11984869329096666048

700 Nithhogg the Skirmisher (level 7, -11/55 HPs)
             Began as a Demonspawn Fighter on Apr 5, 2021.
             Mangled by Duvessa
             ... wielding a +0 short sword
              (16 damage)
             ... on level 5 of the Dungeon.
             The game lasted 00:07:33 (5607 turns).

Nithhogg the Skirmisher (Demonspawn Fighter)        Turns: 5607, Time: 00:07:34

Health: -11/55     AC: 14    Str: 18    XL:     7   Next: 38%
Magic:  10/10      EV:  6    Int: 10    God:
Gold:   211        SH:  0    Dex: 14    Spells: 6/6 levels left

rFire    . . .     SeeInvis .   a - +0 long sword (vorpal)
rCold    . . .     Faith    .   (no shield)
rNeg     + . .     Spirit   .   d - +0 plate armour
rPois    .         Reflect  .   (helmet restricted)
rElec    .         Harm     .   (no cloak)
rCorr    .         Rampage  .   (no gloves)
Will     .....                  w - +1 pair of boots
Stlth    ..........             (no amulet)
HPRegen  0.18/turn              o - ring of flight
MPRegen  0.24/turn              s - ring of positive energy

@: attractive, flying
A: antennae 1, thin skeletal structure 1, powered by death 1, magic regeneration
a: no special abilities


You were on level 5 of the Dungeon.
You visited 1 branch of the dungeon, and saw 5 of its levels.

You collected 211 gold pieces.

Inventory:

Hand Weapons
 a - a +0 vorpal long sword (weapon)
 f - a +3 dagger of venom
Armour
 b - a +0 scale mail
 c - a +0 kite shield
 d - a +0 plate armour (worn)
 i - a +0 plate armour
 w - a +1 pair of boots (worn)
Jewellery
 o - a ring of flight (left hand)
 s - a ring of positive energy (right hand)
Wands
 r - a wand of digging (1)
 v - a wand of flame (18)
Scrolls
 e - 3 scrolls of teleportation
 g - a scroll of blinking
 k - a scroll of immolation {unknown}
 m - a scroll of identify
 t - a scroll of holy word
Potions
 h - 2 potions of berserk rage {unknown}
 j - a potion of mutation {unknown}
 l - a potion of curing {unknown}
 n - a potion of attraction
 p - a potion of brilliance {unknown}
 q - 2 potions of lignification {unknown}
 u - a potion of resistance {unknown}


   Skills:
 + Level 4.6 Fighting
 + Level 3.7 Long Blades
 + Level 4.2 Armour
 + Level 3.0 Dodging
 - Level 2.6 Shields
 + Level 4.6 Invocations


You had 6 spell levels left.
You didn't know any spells.
Your spell library contained the following spells:

 Spells                   Type           Power      Damage    Failure   Level
 Corona                   Hex            0%         N/A       100%        1
 Ensorcelled Hibernation  Hex/Ice        0%         N/A       100%        2
 Confusing Touch          Hex            0%         N/A       100%        3
 Dazzling Flash           Conj/Hex       0%         N/A       100%        3
 Tukima's Dance           Hex            0%         N/A       100%        3


Dungeon Overview and Level Annotations

Branches:
Dungeon (5/15)
 Temple: D:4-7

Altars:
Elyvilon
Gozag
Hepliaklqana
Okawaru
Qazlal
Vehumet
Zin

Shops:
D:2 (

Annotations:
D:5 Duvessa


Innate Abilities, Weirdness & Mutations

You have a pair of small antennae on your head.
You have a somewhat thin skeletal structure. (Dex +2, Stealth)
You regenerate a little health from kills.
You regenerate magic rapidly.


Message History

Duvessa hits you with a +0 short sword!
A scorpion zombie comes into view.
You hit Duvessa.
Duvessa is lightly wounded.
Duvessa barely misses you. Duvessa hits you but does no damage.
You hit Duvessa.
Duvessa is lightly wounded.
Duvessa closely misses you. Duvessa hits you with a +0 short sword.
You closely miss Duvessa.
Duvessa is lightly wounded.
Duvessa hits you with a +0 short sword.
You completely miss Duvessa.
Duvessa is lightly wounded.
Duvessa hits you with a +0 short sword. x2
You are too injured to fight recklessly!
You are too injured to fight recklessly!
You are too injured to fight recklessly!
You are too injured to fight recklessly!
You are too injured to fight recklessly!
You are too injured to fight recklessly!
You are too injured to fight recklessly!
You are too injured to fight recklessly!
You are too injured to fight recklessly!
You hit Duvessa but do no damage.
Duvessa is lightly wounded.
Duvessa barely misses you. x2; You riposte.
You closely miss Duvessa.
Duvessa is lightly wounded.
You hit Duvessa but do no damage.
Duvessa is lightly wounded.
Duvessa hits you with a +0 short sword! x2
* * * LOW HITPOINT WARNING * * *
Things that are here:
a +0 dagger; a +0 robe Duvessa hits you with a +0 short sword.
* * * LOW HITPOINT WARNING * * *
There is a stone staircase leading up here.
It was a potion of attraction.
You feel attractive to monsters. Duvessa hits you but does no damage.
Duvessa hits you with a +0 short sword!
You die...

########### ####
##.........########...
#####..#....#........)....
.........@....####...#####
#.......##e###### ##.###
#.##### #.Z# ####..# ####.##
###.#### #....######## .......
##......###.##........#
.......##...........##........#
..................###.........#
..................##..........#
.###............<)..####.#####


You could see Duvessa (berserk) and a scorpion zombie.

Vanquished Creatures
  A sky beast (D:5)
  A phantom (D:3)
  2 scorpions (D:4)
  Dowan (D:5)
  2 hounds
  A bullfrog skeleton (D:5)
  A jelly (D:5)
  An iguana (D:4)
  An orc wizard (D:3)
  Robin (D:3)
  A howler monkey skeleton (D:5)
  7 adders
  An adder skeleton (D:4)
  5 dart slugs
  12 orcs
  6 ball pythons
  4 endoplasms
  4 giant cockroaches
  14 goblins
  6 hobgoblins
  6 kobolds
  A quokka (D:2)
  8 bats
  4 frilled lizards
  7 rats
98 creatures vanquished.

Notes
Turn   | Place    | Note
-------+----------+-------------------------------------------
     0 | D:1      | Nithhogg the Demonspawn Fighter began the quest for the
                  | Orb.
     0 | D:1      | Reached XP level 1. HP: 18/18 MP: 1/1
   589 | D:1      | Gained mutation: You have a somewhat thin skeletal
                  | structure. (Dex +2, Stealth) [demonic ancestry]
   589 | D:1      | Reached XP level 2. HP: 19/24 MP: 2/2
   674 | D:1      | Reached skill level 1 in Invocations
  1217 | D:2      | Found Veptag Xeimp's Antique Weapon Shoppe.
  1247 | D:2      | Reached XP level 3. HP: 17/29 MP: 2/4
  1266 | D:2      | Reached skill level 1 in Dodging
  1748 | D:2      | Gained mutation: You regenerate magic rapidly. [demonic
                  | ancestry]
  1748 | D:2      | Reached XP level 4. HP: 32/35 MP: 5/5
  1875 | D:2      | Found a faded altar of an unknown god.
  2827 | D:3      | Reached XP level 5. HP: 24/42 MP: 5/7
  3108 | D:3      | Noticed a phantom
  3134 | D:3      | Killed a phantom
  3425 | D:3      | Noticed Robin
  3444 | D:3      | Killed Robin
  3470 | D:3      | Gained mutation: You have a pair of small antennae on your
                  | head. [demonic ancestry]
  3470 | D:3      | Reached XP level 6. HP: 31/48 MP: 8/8
  3876 | D:4      | Found a radiant altar of Vehumet.
  3979 | D:4      | Found an opulent altar of Gozag.
  4070 | D:4      | Found a stormy altar of Qazlal.
  4310 | D:4      | Found a hazy altar of Hepliaklqana.
  4652 | D:5      | Entered Level 5 of the Dungeon
  4655 | D:5      | Noticed a sky beast
  4667 | D:5      | Killed a sky beast
  4908 | D:4      | Gained mutation: You regenerate a little health from kills.
                  | [demonic ancestry]
  4908 | D:4      | Reached XP level 7. HP: 37/55 MP: 10/10
  5180 | D:5      | Noticed Duvessa
  5421 | D:5      | Found an iron altar of Okawaru.
  5525 | D:5      | Noticed Dowan
  5555 | D:5      | Killed Dowan
  5607 | D:5      | Mangled by Duvessa

Illustrated notes

Levels and vault maps discovered:
D:1:      minmay_arrival_widening_spiral_wide, layout_rooms, skrybe_limestone_x,
          chequers_serial_rivers_large_b, minmay_liquid_box
D:2:      layout_rooms, serial_shops, nicolae_shop_statue_plus,
          ebering_ecumenical_altar_sacrificial, minmay_heptomino_w4
D:3:      layout_loops_ring, uniq_robin
D:4:      layout_basic, pdpol_temple_overflow_zin_treasury_gozag_greed,
          nzn_hepliaklqana_mist_gate, general_overflow_altar,
          nicolae_qazlal_general_emergency, kennysheep_mini_moat,
          minmay_misc_feat_doors
D:5:      minmay_evil_eye, layout_rooms, kennysheep_little_box,
          minmay_temple_entry_enclosed_plants, grunt_decor_cap, uniq_duvessa

Skill      XL: |  1  2  3  4  5  6  7 |
---------------+----------------------+-----
Long Blades    | 2 3 |  3.7
Invocations    | 1 2 3 4 |  4.6
Armour         | 3 4 |  4.2
Dodging        | 1 2 3 |  3.0
Fighting       | 4 |  4.6
Shields        | |  2.6

Action                   |  1- 3 |  4- 6 |  7- 9 || total
-------------------------+-------+-------+-------++-------
Melee: Long sword        |    18 |       |    30 ||    48
       Dagger            |    82 |   215 |    17 ||   314
  Use: Potion            |       |     1 |     1 ||     2
       Scroll            |       |       |     6 ||     6
Armor: Scale mail        |    26 |       |       ||    26
       Plate armour      |    34 |   147 |    50 ||   231
Dodge: Dodged            |    53 |    57 |    13 ||   123
       Rpst.: Long sword |     4 |       |     2 ||     6

Table legend: (Time is in decaauts)
 A = Elapsed time spent in this place.
 B = Non-inter-level travel time spent in this place.
 C = Inter-level travel time spent in this place.
 D = Time resting spent in this place.
 E = Time spent auto-exploring this place.
 F = Levels seen in this place.
 G = Mean time per level.
                   A        B        C        D        E       F      G
               +--------+--------+--------+--------+--------+-----+--------+
         Total |   5627 |   5462 |    165 |    557 |   4061 |   5 | 1125.4 |
       Dungeon |   5627 |   5462 |    165 |    557 |   4061 |   5 | 1125.4 |
               +--------+--------+--------+--------+--------+-----+--------+

Top non-repeatable levels by time:
     D:3: 1593 daAuts
     D:4: 1486 daAuts
     D:1: 1232 daAuts
     D:2: 974 daAuts
     D:5: 341 daAuts
